Replay - Roach/Ravager 2Base

Build Order

Get SALT Encoding   

  12  0:01  Drone  
  13  0:13  Overlord  
  13  0:21  Drone  
  14  0:34  Drone x2  
  16  0:44  Spawning Pool  
  16  0:45  Drone  
  16  0:56  Drone  
  17  1:00  Extractor  
  17  1:01  Drone  
  17  1:03  Extractor  
  16  1:08  Drone  
  17  1:18  Drone  
  18  1:29  Drone  
  19  1:34  Queen  
  19  1:39  Drone  
  22  1:54  Hatchery  
  22  1:55  Overlord  
  21  2:03  Zergling x2  
  22  2:18  Drone  
  23  2:23  Metabolic Boost, Drone  
  24  2:34  Drone  
  25  2:44  Zergling x2  
  25  2:49  Lair  
  26  2:57  Roach Warren  
  25  3:06  Overlord  
  25  3:07  Zergling x4  
  27  3:20  Queen  
  29  3:29  Drone x7  
  36  3:46  Glial Reconstitution  
Spawning Tool Build Advisor. Get it on Overwolf

Go to:

Details

  • Created by: Fadeslayer
  • Published on: Jul 24, 2016
  • Modified on: Jul 24, 2016
  • Patch: Pre-3.8.0
Show
View Real Time Build Order
Export as new Build Order

Comments (0)

There are no comments. Be the first!

Create an account to comment!